 Dungeon Crawl Stone Soup version 0.29-a0-88-g03a7b78be7 (webtiles) character file.

Game seed: 16466607583427604312

40 lordive the Sneak (level 3, -2/16 HPs)
             Began as a Spriggan Enchanter on Feb 6, 2022.
             Was an Initiate of Okawaru.
             Slain by a hobgoblin (4 damage)
             ... led by Robin
             ... on level 2 of the Dungeon.
             The game lasted 00:03:28 (1944 turns).

lordive the Sneak (Spriggan Enchanter)              Turns: 1944, Time: 00:03:29

Health: -2/16      AC:  2    Str:  4    XL:     3   Next: 30%
Magic:  2/8        EV: 17    Int: 18    God:    Okawaru [......]
Gold:   117        SH:  0    Dex: 15    Spells: 3/8 levels left

rFire   . . .      SeeInvis +   a - +1 dagger
rCold   . . .      Faith    .   (no shield)
rNeg    . . .      Spirit   .   b - +0 robe
rPois   .          Reflect  .   (helmet restricted)
rElec   .          Harm     .   (no cloak)
rCorr   .          Rampage  .   (gloves unavailable)
Will    .....                   (boots unavailable)
Stlth   +++.......              (no amulet)
HPRegen 0.05/turn               (no ring)
MPRegen 0.11/turn               (no ring)

@: very quick
A: very small, no large weapons, unfitting armour, see invisible, speed 3
a: Renounce Religion


You were on level 2 of the Dungeon.
You worshipped Okawaru.
Okawaru was noncommittal.
You visited 1 branch of the dungeon, and saw 3 of its levels.

You collected 117 gold pieces.

Inventory:

Hand Weapons
 a - a +1 dagger (weapon)
Armour
 b - a +0 robe (worn)
Jewellery
 h - a ring of resist corrosion
Scrolls
 d - a scroll of fear {unknown}
 e - a scroll of identify {unknown}
 g - a scroll of amnesia {unknown}
Potions
 c - a potion of invisibility
 f - a potion of heal wounds {unknown}


   Skills:
 * Level 0.1 Fighting
 * Level 1.2 Short Blades
 * Level 3.0 Dodging
 + Level 5.5 Stealth
 + Level 3.1 Spellcasting
 * Level 4.0 Hexes
 - Level 0.2 Ice Magic
 * Level 0.1 Invocations


You had 3 spell levels left.
You knew the following spells:

 Your Spells              Type           Power      Damage    Failure   Level
a - Ensorcelled Hibernat  Hex/Ice        20%        N/A       11%         2
b - Confusing Touch       Hex            17%        N/A       10%         3

Your spell library contained the following spells:

 Spells                   Type           Power      Damage    Failure   Level
 Dazzling Flash           Conj/Hex       20%        N/A       22%         3
 Tukima's Dance           Hex            Unusable   N/A       N/A         3

Dungeon Overview and Level Annotations

Branches:
Dungeon (3/15)

Altars:
Okawaru

Annotations:
D:2 Robin


Innate Abilities, Weirdness & Mutations

You are very small and have problems with some larger weapons.
You are too small for most types of armour.
You have supernaturally acute eyesight. (SInv)
You cover ground extremely quickly. (Speed+++)


Message History

h - a ring of resist corrosion You now have 101 gold pieces (gained 7).
You now have 117 gold pieces (gained 16).
Found a stone staircase leading down.
Found a stone staircase leading up.
A goblin and a hobgoblin come into view.
There are monsters nearby!
There are monsters nearby!
A goblin comes into view. It is wielding a +0 dagger.
A hobgoblin comes into view.
The goblin shouts! x2; The hobgoblin shouts!
Robin shouts!
The hobgoblin shouts!
You hear a shout! x2; The hobgoblin shouts!
You hear a shout!
A goblin comes into view. It is wielding a +0 dagger.
A goblin comes into view. It is wielding a +0 club.
Robin roars a battlecry!
The goblins go into a battle-frenzy!
The goblin shouts!
The goblin looks drowsy...
A goblin comes into view. It is wielding a +0 dagger.
The helpless goblin fails to defend itself.
You impale the goblin!!
You kill the goblin!
Okawaru accepts your kill. The hobgoblin misses you.
The hobgoblin resists with significant effort.
The goblin shouts!
Robin throws the goblin at you! The hobgoblin closely misses you.
The goblin looks drowsy...
The goblin misses you. The hobgoblin hits you.
The helpless goblin fails to defend itself.
You impale the goblin!!
You kill the goblin!
Okawaru accepts your kill.
The goblin no longer looks unusually strong.
Robin roars a battlecry!
The goblin goes into a battle-frenzy!
The goblin hits you with a +0 dagger. The goblin hits you with a +0 club.
* * * LOW HITPOINT WARNING * * *
The hobgoblin hits you.
You die...

#. #>....#............# #.
#..................#
#[#.........##.......#
#...(................#
##..........##..####.##
#######..............## #.#
.........#.....#.....#####.#
......#..........###...(.#.#
#...........##.)@#######.#
..#####........ggggg.# .#
....###..#.###.#.###.g# .#
.##........# #.#..# g..g
.........#####.#..#####.#..#
..####...............gggggg#
#.......######.#.#.######.g#
#.####..# #...#... #.####.##
########..


You could see Robin, 3 hobgoblins and 3 goblins.

Vanquished Creatures
  A dart slug (D:1)
  5 endoplasms
  2 giant cockroaches
  7 goblins
  2 hobgoblins (D:1)
  4 jackals (D:1)
  3 kobolds (D:1)
  A quokka (D:2)
  3 ball pythons
  A bat (D:1)
  3 frilled lizards
32 creatures vanquished.

Notes
Turn   | Place    | Note
-------+----------+-------------------------------------------
     0 | D:1      | lordive the Spriggan Enchanter began the quest for the Orb.
     0 | D:1      | Reached XP level 1. HP: 9/9 MP: 5/5
   329 | D:2      | Reached XP level 2. HP: 13/13 MP: 7/7
   337 | D:2      | Learned a level 2 spell: Ensorcelled Hibernation
   452 | D:3      | Found an iron altar of Okawaru.
   463 | D:3      | Became a worshipper of Warmaster Okawaru
   493 | D:2      | Noticed Robin
   517 | D:1      | Reached skill level 5 in Stealth
  1114 | D:1      | Reached XP level 3. HP: 13/16 MP: 3/8
  1791 | D:2      | Learned a level 3 spell: Confusing Touch
  1944 | D:2      | Slain by a hobgoblin

Illustrated notes

Levels and vault maps discovered:
D:1:      enne_arrival_octagon_isle, layout_basic
D:2:      layout_rooms, uniq_jessica, uniq_robin
D:3:      layout_basic, mainiacjoe_overflow_alcove_1, gammafunk_ghost_arena,
          glass_columns_b, kennysheep_generic_room_4

Skill      XL: |  1  2  3 |
---------------+----------+-----
Spellcasting   | 3 |  3.1
Stealth        | 5 |  5.5
Hexes          | 4 |  4.0
Dodging        | 3 |  3.0
Fighting       | |  0.1
Short Blades   | |  1.2
Ice Magic      | |  0.2
Invocations    | |  0.1

Action                   || total
-------------------------++-------
Melee: Dagger            ||    47
 Cast: Ensorcelled Hiber ||    27
 Stab: Sleeping          ||    26
Armor: Robe              ||     4
Dodge: Dodged            ||    44

Table legend: (Time is in decaauts)
 A = Elapsed time spent in this place.
 B = Non-inter-level travel time spent in this place.
 C = Inter-level travel time spent in this place.
 D = Time resting spent in this place.
 E = Time spent auto-exploring this place.
 F = Levels seen in this place.
 G = Mean time per level.
                   A        B        C        D        E       F      G
               +--------+--------+--------+--------+--------+-----+--------+
         Total |   1519 |   1481 |     38 |     57 |   1132 |   3 |  506.3 |
       Dungeon |   1519 |   1481 |     38 |     57 |   1132 |   3 |  506.3 |
               +--------+--------+--------+--------+--------+-----+--------+

Top non-repeatable levels by time:
     D:1: 972 daAuts
     D:2: 521 daAuts
     D:3: 25 daAuts
